 Dungeon Crawl Stone Soup version 0.29-a0-789-g7a8fcbc185 (webtiles) character file.

Game seed: 9907139737143002742

63 greasedhog the Distorting Ant (level 4, -1/35 HPs)
             Began as a Formicid Abyssal Knight on July 2, 2022.
             Was a Believer of Lugonu.
             Slain by a worm (9 damage)
             ... on level 2 of the Dungeon.
             The game lasted 00:03:24 (2078 turns).

greasedhog the Distorting Ant (FoAK)                Turns: 2078, Time: 00:03:24

Health: -1/35      AC:  4    Str: 20    XL:     4   Next: 31%
Magic:  6/6        EV: 11    Int:  9    God:    Lugonu [**....]
Gold:   826        SH:  0    Dex: 14    Spells: 3/3 levels left

rFire   . . .      SeeInvis +   a - +1 spear
rCold   . . .      Faith    .   (no shield)
rNeg    . . .      Spirit   .   b - +1 leather armour
rPois   .          Reflect  .   (helmet unavailable)
rElec   .          Harm     .   (no cloak)
rCorr   .          Rampage  .   (no gloves)
Will    .....                   (no boots)
Stlth   +.........              (no amulet)
HPRegen 0.11/turn               (no ring)
MPRegen 0.10/turn               (no ring)

@: no status effects
A: permanent stasis, dig shafts and tunnels, antennae 3, four strong arms
a: Dig, Shaft Self, Renounce Religion, Depart the Abyss, Bend Space


You were on level 2 of the Dungeon.
You worshipped Lugonu.
Lugonu was pleased with you.
You visited 1 branch of the dungeon, and saw 2 of its levels.
You visited the Abyss 1 time.

You collected 826 gold pieces.

Inventory:

Hand Weapons
 a - a +1 spear (weapon)
Armour
 b - a +1 leather armour (worn)
Potions
 c - a potion of attraction {unknown}
 d - a potion of heal wounds {unknown}
 e - a potion of lignification {unknown}
 f - a potion of brilliance {unknown}


   Skills:
 - Level 3.2 Fighting
 * Level 3.3 Polearms
 - Level 2.1 Armour
 - Level 0.8 Dodging
 * Level 3.9 Invocations


You had 3 spell levels left.
You didn't know any spells.
Your spell library contained the following spells:

 Spells                   Type           Power      Damage    Failure   Level
 Necrotize                Necr           0%         1d4       43%         1
 Vampiric Draining        Necr           0%         2d6       80%         3
 Agony                    Necr           0%         N/A       100%        5


Dungeon Overview and Level Annotations

Branches:
Dungeon (2/15)

Altars:


Innate Abilities, Weirdness & Mutations

You cannot be hasted, slowed, berserked, paralysed or teleported.
You can dig through walls and to a lower floor.
You have a pair of large antennae on your head. (SInv)
Your four strong arms can wield two-handed weapons with a shield.


Message History

The bat barely misses you. The bat closely misses you.
You closely miss the bat. The bat barely misses you.
You barely miss the worm. The bat closely misses you.
You hit the worm.
The worm is moderately wounded.
The bat barely misses you. The worm closely misses you.
You hit the worm but do no damage.
The worm is lightly wounded.
The bat hits you but does no damage. The worm bites you!
You hit the worm.
The worm is lightly wounded.
The bat hits you but does no damage. The bat hits you.
You hit the worm.
The worm is heavily wounded.
The bat misses you. The bat barely misses you. The worm closely misses you.
You barely miss the worm.
The worm is heavily wounded.
The bat closely misses you.
You barely miss the worm.
The worm is heavily wounded.
The bat hits you but does no damage. The worm closely misses you.
The bat hits you but does no damage.
You hit the worm.
The worm is heavily wounded.
The bat barely misses you.
You hit the worm but do no damage.
The worm is heavily wounded.
The bat hits you. The bat barely misses you. The worm bites you!
You hit the worm.
The worm is severely wounded.
The bat barely misses you. The worm bites you!
* * * LOW HITPOINT WARNING * * *
You barely miss the worm.
The worm is heavily wounded.
The bat hits you but does no damage. x2
You hit the worm but do no damage.
The worm is heavily wounded.
The bat closely misses you. The bat hits you but does no damage.
The worm bites you!
You die...

#..#####..# ####..#.#..####
**********##..##.....##..##
*,,,,,*,,##....##...##....## #
,,,,,,,,,#......#...#......# #
,,,,,,,,##..##..##.##..##.)## ##
,,,,^,,,#..####..#.#..####..# #.
,,,,,,,,#..#..#..#.#..#.?#).# #.
,,,,,,,,#..##)#.@#.#..#.##..# #.
,,,,,,,,##..#.#.bw#...#.#..#####.
,,,,,,,,,#....#...#...#....# #...
*,,,,,*,,##..##...#...##?.## #.##
,***,*****####....#....#######.##
,,,*,* #....###.### ##.....
,*,*,** ####..###..# ##......
**,,,,****#.....###.######..#....
**,,,,,,,#.###........##..##....


You could see a worm and a bat.

Vanquished Creatures
  2 adders (D:2)
  A worm (D:2)
  7 bats
  3 endoplasms
  2 giant cockroaches
  5 goblins
  2 hobgoblins
  8 kobolds
  3 ball pythons
  4 frilled lizards
  5 rats
42 creatures vanquished.

Notes
Turn   | Place    | Note
-------+----------+-------------------------------------------
     0 | Abyss:1  | greasedhog the Formicid Abyssal Knight began the quest for
                  | the Orb.
     0 | Abyss:1  | Reached XP level 1. HP: 18/18 MP: 2/2
    72 | Abyss:1  | Noticed a small abomination
    73 | D:1      | Escaped the Abyss
   208 | D:1      | Reached ** piety under Lugonu
   209 | D:1      | Reached XP level 2. HP: 24/24 MP: 3/3
   976 | D:1      | Reached XP level 3. HP: 29/29 MP: 5/5
  1887 | D:2      | Reached XP level 4. HP: 33/35 MP: 6/6
  1944 | D:2      | Identified a scroll of acquirement
  1944 | D:2      | Acquired 777 gold pieces
  2078 | D:2      | Slain by a worm

Illustrated notes

Levels and vault maps discovered:
D:1:      dpeg_arrival_windows_large_door, layout_rooms,
          chequers_serial_rivers_marsh
D:2:      layout_rooms, minmay_crystal_room, minmay_puff

Skill      XL: |  1  2  3 |
---------------+----------+-----
Invocations    | 3 |  3.9
Polearms       | 3 |  3.3
Fighting       | |  3.2
Armour         | |  2.1
Dodging        | |  0.8

Action                   |  1- 3 |  4- 6 || total
-------------------------+-------+-------++-------
Melee: Spear             |   123 |    38 ||   161
Invok: Depart the Abyss  |     1 |       ||     1
  Use: Scroll            |     6 |     2 ||     8
Armor: Leather armour    |    30 |    17 ||    47
Dodge: Dodged            |    45 |    30 ||    75

Table legend: (Time is in decaauts)
 A = Elapsed time spent in this place.
 B = Non-inter-level travel time spent in this place.
 C = Inter-level travel time spent in this place.
 D = Time resting spent in this place.
 E = Time spent auto-exploring this place.
 F = Levels seen in this place.
 G = Mean time per level.
                   A        B        C        D        E       F      G
               +--------+--------+--------+--------+--------+-----+--------+
         Total |   2074 |   2062 |     12 |    194 |   1499 |   3 |  691.3 |
       Dungeon |   2001 |   1989 |     12 |    194 |   1427 |   2 | 1000.5 |
         Abyss |     73 |     73 |      0 |      0 |     72 |   1 |   73.0 |
               +--------+--------+--------+--------+--------+-----+--------+

Top non-repeatable levels by time:
     D:1: 1003 daAuts
     D:2: 998 daAuts
 Abyss:1: 73 daAuts
